 Dungeon Crawl Stone Soup version 0.28.0-47-ge53b351184 (webtiles) character file.

Game seed: 4905720634163794284

44 KittyFluff the Skirmisher (level 3, -1/24 HPs)
             Began as a Gargoyle Berserker on May 11, 2022.
             Was a Follower of Trog.
             Slain by a worm (9 damage)
             ... on level 2 of the Dungeon.
             The game lasted 00:04:58 (1316 turns).

KittyFluff the Skirmisher (Gargoyle Berserker)      Turns: 1316, Time: 00:04:59

Health: -1/24      AC:  5    Str: 20    XL:     3   Next: 62%
Magic:  3/3        EV: 12    Int:  7    God:    Trog [*.....]
Gold:   25         SH:  0    Dex: 11    Spells: 2/2 levels left

rFire   . . .      SeeInvis .   h - +0 whip (flame)
rCold   . . .      Faith    .   (no shield)
rNeg    + . .      Spirit   .   c - +0 robe
rPois   ∞          Reflect  .   (no helmet)
rElec   +          Harm     .   (no cloak)
rCorr   .          Rampage  .   (no gloves)
Will    .....                   (no boots)
Stlth   +.........              (no amulet)
HPRegen 0.08/turn               (no ring)
MPRegen 0.08/turn               (no ring)

@: no status effects
A: sickness immunity, AC +3, negative energy resistance 1, electricity
resistance, torment resistance 1, petrification resistance
a: Renounce Religion, Berserk


You were on level 2 of the Dungeon.
You worshipped Trog.
Trog was aware of your devotion.
You visited 1 branch of the dungeon, and saw 2 of its levels.

You collected 25 gold pieces.

Inventory:

Hand Weapons
 a - a +0 mace
 h - a +0 whip of flaming (weapon)
Missiles
 f - 16 stones (quivered)
 k - 16 bolts
Armour
 c - a +0 robe (worn)
Jewellery
 d - a ring of fire
Scrolls
 b - a scroll of fog {unknown}
 j - a scroll of fear {unknown}
 l - a scroll of enchant weapon {unknown}
 m - a scroll of teleportation {unknown}
Potions
 e - 2 potions of curing {unknown}
 g - a potion of heal wounds {unknown}
 i - a potion of ambrosia {unknown}


   Skills:
 + Level 3.9 Fighting
 + Level 3.6 Maces & Flails
 * Level 2.6 Armour
 + Level 1.8 Dodging


You had 2 spell levels left.
You didn't know any spells.
Your spell library was empty.

Dungeon Overview and Level Annotations

Branches:
Dungeon (2/15)

Altars:


Innate Abilities, Weirdness & Mutations

You are immune to sickness and miasma.
Your stone body is resilient. (AC +3)
You are immune to poison.
You resist negative energy. (rN+)
You are resistant to electric shocks. (rElec)
You are resistant to unholy torment.
You are immune to petrification.


Message History

Trog accepts your kill.
There is a stone staircase leading down here.
You climb downwards.
There is a stone staircase leading up here.
You closely miss the bat. The bat misses you.
The bat hits you but does no damage. The bat hits you but does no damage.
You hit the bat. You burn the bat.
You kill the bat!
Trog accepts your kill.
Found 17 stones.
Found 14 gold pieces.
A rat comes into view.
You hit the rat. You burn the rat.
You kill the rat!
Trog accepts your kill.
You see here a rat corpse.
A bat comes into view.
The bat closely misses you.
You closely miss the bat. The bat closely misses you.
The bat hits you but does no damage.
You hit the bat. You burn the bat.
You kill the bat!
Trog accepts your kill.
A worm comes into view.
Found 15 bolts.
You hit the worm. You burn the worm.
The worm is moderately wounded.
The worm bites you!
You barely miss the worm.
The worm is moderately wounded.
You hit the worm but do no damage.
The worm is moderately wounded.
The worm bites you!
You hit the worm but do no damage.
The worm is moderately wounded.
You hit the worm but do no damage.
The worm is moderately wounded.
The worm bites you!
You die...

#....(. ... #...... ....
#...... ... #...... ...
#......###.# #..........
#.....w#.#
#......@.######## .
#.$##...#........# .
#.###.##########.# #.
#.#...# #.# #.# #.#.#.#
#.# #..##.#...# ##.#
(###.......# ###..#
..........#########...##
#..........†........###


You could see a worm.

Vanquished Creatures
  2 dart slugs (D:1)
  2 ball pythons (D:1)
  5 bats
  2 endoplasms (D:1)
  2 giant cockroaches (D:1)
  3 goblins (D:1)
  2 hobgoblins (D:1)
  4 jackals (D:1)
  7 kobolds (D:1)
  3 quokkas (D:1)
  A frilled lizard (D:1)
  4 rats
37 creatures vanquished.

Notes
Turn   | Place    | Note
-------+----------+-------------------------------------------
     0 | D:1      | KittyFluff the Gargoyle Berserker began the quest for the
                  | Orb.
     0 | D:1      | Reached XP level 1. HP: 14/14 MP: 1/1
   289 | D:1      | Reached XP level 2. HP: 18/19 MP: 2/2
   454 | D:1      | Reached XP level 3. HP: 9/24 MP: 3/3
  1316 | D:2      | Slain by a worm

Illustrated notes

Levels and vault maps discovered:
D:1:      heliophobic_arrival_ceremonial_halls, layout_basic, dk_noncrumbling_4
D:2:      layout_rooms, basic_altar

Action                   || total
-------------------------++-------
Melee: Whip              ||   107
       Mace              ||     8
       Punch             ||     2
 Stab: Distracted        ||     1
Armor: Animal skin       ||    26
       Robe              ||    13
Dodge: Dodged            ||    75
